 Dungeon Crawl Stone Soup version 0.26.1 (webtiles) character file.

Game seed: 11336747599340820754

4466 Gadfly the Combatant (level 10, -1/97 HPs)
             Began as an Ogre Gladiator on Feb 6, 2021.
             Was a Follower of Okawaru.
             Slain by an ogre
             ... wielding a +0 giant club
              (29 damage)
             ... on level 8 of the Dungeon.
             The game lasted 00:16:13 (9680 turns).

Gadfly the Combatant (Ogre Gladiator)               Turns: 9680, Time: 00:16:13

Health: -1/97      AC: 11    Str: 23    XL:     10   Next: 37%
Magic:  13/13      EV: 10    Int:  9    God:    Okawaru [*.....]
Gold:   279        SH:  0    Dex: 10    Spells: 6/9 levels left

rFire    + . .     SeeInvis .   b - +5 quarterstaff (chaos)
rCold    . . .     Faith    .   (shield currently unavailable)
rNeg     . . .     Spirit   .   g - +0 troll leather armour {Purgy}
rPois    +         Reflect  .   c - +0 hat
rElec    .         Harm     .   l - +2 cloak
rCorr    .         Rampage  .   (gloves unavailable)
Will     +....                  (boots unavailable)
Stlth    +.........             (no amulet)
HPRegen  0.66/turn              f - ring of protection from fire
MPRegen  0.13/turn              m - ring of poison resistance

@: no status effects
A: large, unfitting armour, iridescent scales 1, low mp 1, tough skin 1
a: Renounce Religion, Heroism


You were on level 8 of the Dungeon.
You worshipped Okawaru.
Okawaru was aware of your devotion.
You visited 2 branches of the dungeon, and saw 9 of its levels.
You also visited: Sewer and Ossuary.

You collected 431 gold pieces.
You spent 152 gold pieces at shops.

Inventory:

Hand Weapons
 a - a +2 mace of protection
 b - a +5 quarterstaff of chaos (weapon)
 i - a +1 whip of venom
 q - a +2 flail of pain
 r - a +0 dagger of electrocution
 v - a +2 whip of flaming
 E - a +0 great mace
 F - a +0 giant club
 H - a +0 whip of draining
Missiles
 d - 4 throwing nets
 w - 4 boomerangs (quivered)
Armour
 c - a +0 hat (worn)
 g - a +0 troll leather armour (worn) {Purgy}
 l - a +2 cloak (worn)
Jewellery
 f - a ring of protection from fire (left hand)
 m - a ring of poison resistance (right hand)
 I - an uncursed ring of flight
Wands
 s - a wand of flame (34)
 B - a wand of paralysis (3)
 C - a wand of iceblast (9)
Scrolls
 h - 4 scrolls of remove curse
 k - a scroll of identify
 n - 2 scrolls of fog
 o - 3 scrolls of teleportation
 u - 4 scrolls of blinking
Potions
 e - 2 potions of attraction
 j - 2 potions of ambrosia
 p - 5 potions of curing
 t - 5 potions of lignification
 z - a potion of might
 A - 3 potions of haste
 D - a potion of mutation
 G - 2 potions of heal wounds


   Skills:
 * Level 5.6 Fighting
 * Level 5.7 Maces & Flails
 * Level 5.8 Throwing
 * Level 5.8 Armour
 - Level 2.6 Dodging
 + Level 7.1 Invocations
 * Level 5.8 Evocations


You had 6 spell levels left.
You knew the following spells:

 Your Spells              Type           Power        Failure   Level
a - Conjure Flame         Conj/Fire      0%           80%         3

Your spell library contained the following spells:

 Spells                   Type           Power        Failure   Level
 Foxfire                  Conj/Fire      0%           41%         1
 Freeze                   Ice            0%           41%         1
 Frozen Ramparts          Ice            0%           80%         3
 Inner Flame              Hex/Fire       0%           80%         3
 Ozocubu's Armour         Ice            0%           80%         3
 Hailstorm                Conj/Ice       0%           99%         4
 Sticky Flame             Conj/Fire      0%           99%         4
 Summon Ice Beast         Ice/Summ       0%           99%         4
 Fireball                 Conj/Fire      0%           100%        5


Dungeon Overview and Level Annotations

Branches:
Dungeon (8/15)             Temple (1/1) D:7           Sewer (visited)
Ossuary (visited)
   Lair: D:8-11

Altars:
Ashenzari
Cheibriados
Dithmenos
Elyvilon
Fedhas
Gozag
Hepliaklqana
Kikubaaqudgha
Makhleb
Nemelex Xobeh
Okawaru
Qazlal
Ru
Sif Muna
Trog
Uskayaw
Vehumet
Wu Jian
Xom
Yredelemnul
Zin
The Shining One

Shops:
D:5 *((   D:6 *


Innate Abilities, Weirdness & Mutations

You are too large for most types of armour.
You have tough skin. (AC +1)
You are partially covered in iridescent scales. (AC +2)
Your magical capacity is low. (-10% MP)


Message History

You are too injured to fight recklessly!
You are too injured to fight recklessly!
You are too injured to fight recklessly!
You are too injured to fight recklessly!
You are too injured to fight recklessly!
You are too injured to fight recklessly!
You are too injured to fight recklessly!
You are too injured to fight recklessly!
You are too injured to fight recklessly!
You are too injured to fight recklessly!
You are too injured to fight recklessly!
You are too injured to fight recklessly!
You are too injured to fight recklessly!
You are too injured to fight recklessly!
You are too injured to fight recklessly!
Unknown command.
You hit the ogre.
The ogre seems to slow down.
The ogre is almost dead.
The ogre hits you with a +0 giant club!!
You die... ..### #..## ....# ##..# ##..# #### ### #..## ## # #≈≈ ..##### #.#O ### #...#.## PO#

+.## # ##.....# #P# .§. ≈#
#####.## #.#######♣♣♣♣##.##≈#
#♣♣♣#..## ##.O@..#♣.♣.♣.###≈≈#
(♣.♣#...### #P####.P.♣.♣.....≈≈#
♣.♣.##....#### ##..........≈≈#
P.P.♣###...#########........≈≈≈#
......♣###))))..))..........≈≈≈#
P....♣..♣#>.#...)).).....P..≈≈≈#
.........####...#)......PP...≈≈#
.####.......#####.)..........≈≈#
.#..'................####....≈≈#


You could see an ogre (berserk, slow).

Vanquished Creatures
  Pikel (D:4)
  An orb spider (shapeshifter) (D:5)
  Menkaure (D:5)
  2 orc warriors (D:8)
  Purgy (Sewer)
  2 ice beasts
  A black bear (D:4)
  A necrophage (D:7)
  3 centaurs
  6 ogres
  4 big kobolds
  2 water moccasin zombies (Ossuary)
  2 scorpions
  A water moccasin skeleton (D:5)
  5 killer bees (D:7)
  A bullfrog zombie (D:8)
  4 hounds
  3 orc priests
  2 jellies
  A bullfrog skeleton (D:5)
  Crazy Yiuf (D:3)
  5 gnoll shamans (D:8)
  2 iguanas
  Jessica (D:2)
  Natasha (thrice) (D:4)
  3 orc wizards (D:8)
  4 worker ants
  2 mummies (Ossuary)
  A howler monkey zombie (D:5)
  Robin (D:4)
  14 gnolls
  10 adders
  A howler monkey skeleton (D:6)
  3 shadow imps
  3 ufetubi
  An ooze (D:3)
  7 adder zombies
  4 worms
  2 dart slugs (D:1)
  4 leopard geckos
  28 orcs
  10 bats
  5 giant cockroaches
  15 goblins
  8 hobgoblins
  4 jackals (D:4)
  3 quokkas
  4 ball pythons
  4 frilled lizards
  2 hobgoblin zombies (Ossuary)
  16 kobolds
  3 kobold zombies (Ossuary)
  A leopard gecko skeleton (D:5)
  6 orc zombies (Ossuary)
  A quokka zombie (D:5)
  12 rats
238 creatures vanquished.

Vanquished Creatures (others)
  4 fungi (D:8)
  5 plants (D:8)
9 creatures vanquished.

Grand Total: 247 creatures vanquished

Notes
Turn   | Place    | Note
-------+----------+-------------------------------------------
     0 | D:1      | Gadfly the Ogre Gladiator began the quest for the Orb.
     0 | D:1      | Reached XP level 1. HP: 22/22 MP: 1/1
   231 | D:1      | Reached XP level 2. HP: 25/29 MP: 2/2
   331 | D:1      | Reached skill level 1 in Invocations
   881 | D:2      | You fall into a shaft and drop 1 floor!
   897 | D:3      | Found an ornate altar of the Wu Jian Council.
   902 | D:3      | Noticed a spectral centipede
   902 | D:3      | Noticed a spectral black mamba
   902 | D:3      | Noticed a spectral scorpion
   902 | D:3      | Noticed a spectral cane toad
   906 | D:3      | Reached XP level 3. HP: 36/36 MP: 3/3
  1096 | D:3      | Reached skill level 1 in Armour
  1110 | D:3      | Reached skill level 1 in Evocations
  1327 | D:2      | Noticed Jessica
  1338 | D:2      | Killed Jessica
  1339 | D:2      | Reached XP level 4. HP: 20/44 MP: 5/5
  1722 | D:2      | Reached skill level 2 in Invocations
  2103 | D:2      | Found a glowing golden altar of the Shining One.
  2418 | D:3      | Found a runed translucent door.
  2419 | D:3      | Noticed Crazy Yiuf
  2531 | D:3      | Noticed an ice beast
  2545 | D:3      | Killed an ice beast
  2546 | D:3      | Reached XP level 5. HP: 25/50 MP: 6/6
  3012 | D:3      | Reached XP level 6. HP: 18/59 MP: 8/8
  3876 | D:3      | Killed Crazy Yiuf
  3877 | D:3      | Reached skill level 3 in Invocations
  4074 | D:4      | Noticed Robin
  4101 | D:4      | Killed Robin
  4172 | D:4      | Found a glowing drain.
  4179 | Sewer    | Entered a sewer
  4319 | Sewer    | Noticed Purgy
  4330 | Sewer    | Killed Purgy
  4432 | Sewer    | Reached XP level 7. HP: 66/66 MP: 9/9
  4860 | D:4      | Noticed Natasha
  4870 | D:4      | Killed Natasha
  4871 | D:4      | Reached skill level 4 in Invocations
  4888 | D:4      | Noticed Natasha
  4896 | D:4      | Killed Natasha
  5043 | D:4      | Noticed Pikel
  5068 | D:4      | Killed Pikel
  5069 | D:4      | Reached skill level 5 in Invocations
  5069 | D:4      | Reached XP level 8. HP: 59/74 MP: 11/11
  5190 | D:4      | Noticed Natasha
  5191 | D:4      | Killed Natasha
  5270 | D:5      | Entered Level 5 of the Dungeon
  5431 | D:5      | Found Hawusaa's Antique Weapon Emporium.
  5449 | D:5      | Noticed Menkaure
  5453 | D:5      | Killed Menkaure
  5573 | D:5      | Found Oqikaer's Weapon Shop.
  5594 | D:5      | Noticed Blork the orc
  5605 | D:5      | Noticed Blork
  5605 | D:5      | Blork the orc changed into Blork the shapeshifter
  5605 | D:5      | Noticed Blork
  5605 | D:5      | Blork the shapeshifter changed into Blork the orb spider
  5614 | D:5      | Killed Blork the orb spider
  5615 | D:5      | Reached skill level 6 in Invocations
  5615 | D:5      | Reached XP level 9. HP: 52/80 MP: 13/13
  5779 | D:5      | Found Axeot's Assorted Antiques.
  5782 | D:5      | Bought a black potion for 28 gold pieces
  5782 | D:5      | Bought a scroll labelled NEH ER ZYDEM for 32 gold pieces
  5782 | D:5      | Bought a smoky amethyst potion for 28 gold pieces
  5782 | D:5      | Bought a scroll of identify for 64 gold pieces
  6461 | D:6      | Reached skill level 5 in Evocations
  6549 | D:6      | Found Noxtodum's Elemental Accessories.
  6738 | D:6      | Reached skill level 5 in Armour
  7309 | D:7      | Reached skill level 5 in Maces & Flails
  7935 | D:7      | Reached skill level 5 in Throwing
  7970 | D:7      | HP: 1/85 [killer bee (9)]
  8107 | D:7      | Found a staircase to the Ecumenical Temple.
  8127 | Temple   | Entered the Ecumenical Temple
  8231 | Temple   | Became a worshipper of Warmaster Okawaru
  8386 | D:7      | Learned a level 3 spell: Conjure Flame
  8430 | D:8      | Found a sand-covered staircase.
  8473 | Ossuary  | Entered an ossuary
  8514 | Ossuary  | Reached XP level 10. HP: 90/94 MP: 15/15
  8770 | D:8      | Found a basalt altar of Yredelemnul.
  8783 | D:8      | Reached skill level 5 in Fighting
  9251 | D:8      | Reached * piety under Okawaru
  9252 | D:8      | Reached skill level 7 in Invocations
  9289 | D:8      | Gained mutation: Your magical capacity is low. (-10% MP)
                  | [potion of mutation]
  9289 | D:8      | Gained mutation: You are partially covered in iridescent
                  | scales. (AC +2) [potion of mutation]
  9680 | D:8      | Slain by an ogre

Illustrated notes

Levels and vault maps discovered:
D:1:      dpeg_arrival_prison, layout_rooms
D:2:      layout_loops_ring, nicolae_overflow_hidden_temple, uniq_jessica
D:3:      layout_loops_corners, pdpol_wu_jian_five_deadly_venoms,
          uniq_crazy_yiuf_cottage
D:4:      layout_basic, portal_sewer_entry_b, uniq_robin, uniq_natasha,
          uniq_pikel
D:5:      layout_loops_cross, serial_shops, kennysheep_mini_moat, shop,
          nicolae_shop_temple_entry_statues_fountains, supply_closet_lemuel,
          feat_on_display, uniq_blork_the_orc, uniq_menkaure
D:6:      layout_loops_corners, nicolae_elemental_shop
D:7:      layout_loops_corners, minmay_temple_entry_fiery
D:8:      kennysheep_seaside_town, layout_cave_pods, enter_ossuary_1,
          yredelemnul_altar_generic
Temple:   regret_index_temple_chain_breaker

Skill      XL: |  1  2  3  4  5  6  7  8  9 10 |
---------------+-------------------------------+-----
Invocations    | 1 2 3 5 6 7 |  7.1
Armour         | 1 2 3 4 5 |  5.8
Evocations     | 1 2 3 4 5 |  5.8
Maces & Flails | 3 4 5 |  5.7
Throwing       | 3 4 5 |  5.8
Fighting       | 4 5 |  5.6
Dodging        | |  2.6

Action                   |  1- 3 |  4- 6 |  7- 9 | 10-12 || total
-------------------------+-------+-------+-------+-------++-------
Melee: Flail             |    12 |       |       |       ||    12
       Whip              |    77 |   110 |       |       ||   187
       Mace              |       |    27 |    60 |       ||    87
       Quarterstaff      |       |    41 |   309 |   169 ||   519
Throw: Stone             |     7 |     5 |       |       ||    12
Evoke: Wand              |       |       |     3 |       ||     3
  Use: Scroll            |     5 |     5 |     9 |     2 ||    21
       Potion            |     1 |     2 |     5 |     1 ||     9
 Stab: Sleeping          |     1 |       |       |       ||     1
       Petrified         |       |     2 |     2 |       ||     4
       Paralysed         |       |       |     3 |       ||     3
       Petrifying        |       |       |     1 |       ||     1
Armor: Robe              |    32 |    29 |       |       ||    61
       Animal skin       |       |    14 |       |       ||    14
       Troll leather arm |       |     4 |   185 |    81 ||   270
       Skin              |       |       |    49 |       ||    49
Dodge: Dodged            |    50 |    83 |   239 |    92 ||   464
